 Dungeon Crawl Stone Soup version 0.30-a0-639-g3916f1956a (webtiles) character file.

Game seed: 4134222885292685940

653 NinjaNoafa the Chopper (level 7, -4/61 HPs)
             Began as a Hill Orc Monk on Jan 16, 2023.
             Was a Priest of Zin.
             Slain by a gnoll
             ... wielding a +0 halberd
             ... led by a gnoll bouda
              (11 damage)
             ... on level 4 of the Dungeon on Jan 17, 2023.
             The game lasted 00:17:09 (4368 turns).

NinjaNoafa the Chopper (Hill Orc Monk)              Turns: 4368, Time: 00:17:10

Health: -4/61      AC: 13    Str: 16    XL:     7   Next: 54%
Magic:  9/10       EV:  5    Int: 10    God:    Zin [***...]
Gold:   86         SH:  0    Dex: 13    Spells: 6/6 levels left

rFire   . . .      SeeInvis .    a - +0 hand axe
rCold   . . .      Faith    .    (no shield)
rNeg    + . .      Spirit   .    h - +0 plate armour
rPois   .          Reflect  .    (no helmet)
rElec   .          Harm     .    (no cloak)
rCorr   .          Rampage  .    r - +0 pair of gloves
Will    .....                    (no boots) Stlth
                                 (no amulet)
HPRegen 0.30/turn                d - ring of positive energy
MPRegen 0.12/turn                (no ring)

@: mighty, hasted, very quick
A: no striking features
a: Renounce Religion, Recite, Vitalisation, Imprison, Donate Gold


You were on level 4 of the Dungeon.
You worshipped Zin.
Zin was most pleased with you.
You visited 1 branch of the dungeon, and saw 4 of its levels.

You collected 149 gold pieces.
You donated 63 gold pieces to Zin.

Inventory:

Hand Weapons
 a - a +0 hand axe (weapon)
Missiles
 o - 6 poisoned darts
Armour
 h - a +0 plate armour (worn)
 r - a +0 pair of gloves (worn)
Jewellery
 d - a ring of positive energy (left hand)
Wands
 s - a wand of iceblast (3)
 t - a wand of paralysis (3)
Scrolls
 b - a scroll of amnesia
 g - a scroll of enchant weapon {unknown}
 k - a scroll of teleportation {unknown}
 l - a scroll of torment {unknown}
 n - a scroll of brand weapon {unknown}
 q - a scroll of noise {unknown}
 u - a scroll of fear {unknown}
 v - a scroll of immolation {unknown}
Potions
 e - a potion of invisibility
 f - a potion of degeneration {unknown}
 i - a potion of attraction {unknown}


   Skills:
 - Level 5.0 Fighting
 + Level 7.2 Axes
 - Level 5.0 Armour
 - Level 2.4 Dodging
 - Level 1.5 Stealth
 + Level 4.1 Invocations


You had 6 spell levels left.
You didn't know any spells.
Your spell library contained the following spells:

 Spells                   Type           Power      Damage    Failure   Level
 Apportation              Tloc           0%         N/A       100%        1
 Necrotise                Necr           0%         1d4       100%        1
 Sandblast                Erth           0%         2d4       100%        1
 Summon Small Mammal      Summ           0%         N/A       100%        1
 Passwall                 Tmut/Erth      0%         N/A       100%        2
 Call Canine Familiar     Summ           0%         N/A       100%        3
 Ozocubu's Armour         Ice            0%         N/A       100%        3
 Stone Arrow              Conj/Erth      0%         3d7       100%        3
 Summon Guardian Golem    Hex/Summ       0%         N/A       100%        3
 Metabolic Englaciation   Hex/Ice        0%         N/A       100%        5
 Simulacrum               Ice/Necr       0%         N/A       100%        6


Dungeon Overview and Level Annotations

Branches:
Dungeon (4/15)
 Temple: D:4-7

Altars:
Xom
Zin

Shops:
D:3 [   D:4 ?


Message History

m - a potion of heal wounds
Okay, then.
As you read the scroll of identify, it crumbles to dust.
b - a scroll of amnesia You are ready to recite again.
You feel much better. The gnoll closely misses you.
The gnoll hits you but does no damage. Space warps horribly around you!!
* * * LOW HITPOINT WARNING * * *
You feel very mighty all of a sudden.
You slash the gnoll!
You kill the gnoll!
You slash the gnoll!
The gnoll is severely wounded.
You completely miss the gnoll.
The gnoll is severely wounded.
You hit the gnoll.
The gnoll is almost dead.
The gnoll seems less confused.
The gnoll hits you but does no damage.
Things that are here:
a +2 spear of distortion; a gnoll corpse You hit the gnoll.
You kill the gnoll!
You slash the gnoll!
You kill the gnoll!
You see here a +0 whip.
You strike the helpless gnoll bouda from behind!
You hit the gnoll bouda.
The gnoll bouda is moderately wounded.
Found Vajegokk's Magic Scroll Boutique.
You slash the gnoll bouda!
You kill the gnoll bouda!
Your Invocations skill increases to level 4!
Things that are here:
a +0 club; a +0 robe The gnoll hits you with a +0 halberd!
* * * LOW HITPOINT WARNING * * *
You closely miss the gnoll.
The gnoll is heavily wounded.
The gnoll hits you with a +0 halberd!
You die...

#....##...#.....#..
#..#...##...........
#...##....###.......
#...##....#.....#...
#...................
#.....##.........#.
####................#.
#..#.........#........
##....@g..)............
#..).......#...........
#.........##.##.)......
#......)....###.)..##.#
#....#......(.........#
#....#....#####.......#
......#....##........$...
.>.8.................##...
.........##...........##..


You could see a gnoll.

Vanquished Creatures
  2 ogres
  3 necrophages
  A gnoll bouda (D:4)
  Terence (D:2)
  2 orc wizards (D:3)
  2 adders
  9 gnolls
  An ufetubus (D:4)
  3 dart slugs
  7 orcs (D:3)
  11 ball pythons
  2 bats (D:1)
  6 endoplasms
  13 goblins
  8 hobgoblins
  4 jackals
  3 quokkas
  2 frilled lizards
  5 kobolds
  9 rats
94 creatures vanquished.

Notes
Turn   | Place    | Note
-------+----------+-------------------------------------------
     0 | D:1      | NinjaNoafa the Hill Orc Monk began the quest for the Orb.
     0 | D:1      | Reached XP level 1. HP: 19/19 MP: 1/1
   258 | D:1      | Reached XP level 2. HP: 25/27 MP: 2/2
   282 | D:1      | Reached skill level 1 in Armour
   585 | D:1      | Reached XP level 3. HP: 32/33 MP: 3/3
  1252 | D:2      | Noticed Terence
  1272 | D:2      | Killed Terence
  1273 | D:2      | Reached XP level 4. HP: 18/41 MP: 4/4
  1433 | D:2      | Found a faded altar of an unknown god.
  1448 | D:2      | Reached skill level 5 in Axes
  1749 | D:2      | Reached XP level 5. HP: 47/47 MP: 5/5
  2603 | D:3      | Found Acoipt's Antique Armour Shop.
  2632 | D:3      | Found a glowing silver altar of Zin.
  2637 | D:3      | Reached skill level 5 in Fighting
  2693 | D:3      | Became a worshipper of Zin the Law-Giver
  2693 | D:3      | Reached * piety under Zin
  2693 | D:3      | Reached ** piety under Zin
  2783 | D:3      | Donated 49 gold pieces to Zin
  2825 | D:3      | Found a shimmering altar of Xom.
  2973 | D:3      | Reached XP level 6. HP: 50/56 MP: 6/6
  3176 | D:3      | Reached *** piety under Zin
  3256 | D:3      | Reached skill level 5 in Armour
  3256 | D:3      | Reached skill level 1 in Invocations
  3743 | D:4      | Reached skill level 6 in Axes
  3808 | D:4      | Reached XP level 7. HP: 29/61 MP: 8/8
  4262 | D:4      | Reached skill level 7 in Axes
  4360 | D:4      | Found Vajegokk's Magic Scroll Boutique.
  4368 | D:4      | Slain by a gnoll

Illustrated notes

Levels and vault maps discovered:
D:1:      lemuel_arrival_lava_pool, layout_basic, hangedman_decor_points
D:2:      layout_basic, hellmonk_ecumenical_altar_crossroads, minivault_25,
          uniq_terence
D:3:      layout_loops_ring, lemuel_tele_altar, lemuel_round_altar,
          serial_shops, shop, roderic_malta_cross, guppyfry_early_orc_mine
D:4:      layout_cave_pools, fedhas_ov_isle_minmay, nicolae_stop_n_shop_2,
          minmay_misc_feat_encased

Skill      XL: |  1  2  3  4  5  6  7 |
---------------+----------------------+-----
Armour         | 1 2 4 5 |  5.0
Fighting       | 4 5 |  5.0
Axes           | 5 6 7 |  7.2
Invocations    | 2 4 |  4.1
Dodging        | |  2.4
Stealth        | |  1.5

Action                   |  1- 3 |  4- 6 |  7- 9 || total
-------------------------+-------+-------+-------++-------
Melee: Hand axe          |   109 |   177 |    58 ||   344
       Punch             |       |     5 |       ||     5
Throw: Dart              |       |       |     2 ||     2
Invok: Recite            |       |     4 |     3 ||     7
       Donate Gold       |       |     1 |       ||     1
Evoke: Wand              |       |     3 |     1 ||     4
  Use: Potion            |     1 |       |     3 ||     4
       Scroll            |       |       |     5 ||     5
 Stab: Sleeping          |     1 |       |       ||     1
       Paralysed         |       |     6 |       ||     6
       Confused          |       |       |     1 ||     1
Armor: Plate armour      |    72 |   152 |    32 ||   256
       Robe              |     3 |       |       ||     3
Dodge: Dodged            |    27 |    58 |    14 ||    99

Table legend: (Time is in decaauts)
 A = Elapsed time spent in this place.
 B = Non-inter-level travel time spent in this place.
 C = Inter-level travel time spent in this place.
 D = Time resting spent in this place.
 E = Time spent auto-exploring this place.
 F = Levels seen in this place.
 G = Mean time per level.
                   A        B        C        D        E       F      G
               +--------+--------+--------+--------+--------+-----+--------+
         Total |   4363 |   4048 |    315 |      0 |   3164 |   4 | 1090.8 |
       Dungeon |   4363 |   4048 |    315 |      0 |   3164 |   4 | 1090.8 |
               +--------+--------+--------+--------+--------+-----+--------+

Top non-repeatable levels by time:
     D:2: 1572 daAuts
     D:1: 1211 daAuts
     D:3: 958 daAuts
     D:4: 621 daAuts
